 Dungeon Crawl Stone Soup version 0.27.1-35-g4d5d836560 (webtiles) character file.

Game seed: 11586665193635498946

143 cbfl8 the Sneak (level 5, 0/46 HPs)
             Began as a Minotaur Delver on Mar 20, 2022.
             Slain by a bullfrog (5 damage)
             ... in a sewer.
             The game lasted 00:02:39 (1016 turns).

cbfl8 the Sneak (Minotaur Delver)                   Turns: 1016, Time: 00:02:40

Health: 0/46       AC:  9    Str: 16    XL:     5   Next: 4%
Magic:  4/4        EV: 10    Int:  7    God:
Gold:   46         SH:  0    Dex: 13    Spells: 4/4 levels left

rFire    . . .     SeeInvis .   a - +0 hand axe
rCold    . . .     Faith    +   (no shield)
rNeg     . . .     Spirit   .   i - +0 scale mail
rPois    .         Reflect  .   (helmet restricted)
rElec    .         Harm     .   (no cloak)
rCorr    .         Rampage  .   d - +2 pair of gloves
Will     .....                  (no boots)
Stlth    +.........             j - amulet of faith
HPRegen  0.15/turn              (no ring)
MPRegen  0.09/turn              (no ring)

@: very slow
A: horns 2, retaliatory headbutt
a: no special abilities


You were in a sewer.
You visited 1 branch of the dungeon, and saw 2 of its levels.
You also visited: Sewer.

You collected 46 gold pieces.

Inventory:

Hand Weapons
 a - a +0 hand axe (weapon)
Armour
 b - a +0 leather armour
 d - a +2 pair of gloves (worn)
 i - a +0 scale mail (worn)
Jewellery
 j - an amulet of faith (around neck)
Wands
 g - a wand of digging (3)
Scrolls
 c - a scroll of fog
 e - a scroll of fear
 h - a scroll of enchant armour {unknown}
Potions
 f - a potion of haste


   Skills:
 + Level 4.3 Fighting
 + Level 3.4 Axes
 + Level 2.0 Armour
 + Level 2.6 Dodging
 + Level 5.0 Stealth


You had 4 spell levels left.
You didn't know any spells.
Your spell library contained the following spells:

 Spells                   Type           Power      Damage    Failure   Level
 Summon Guardian Golem    Hex/Summ       0%         N/A       99%         3
 Orb of Destruction       Conj           0%         N/A       100%        7
 Spellforged Servitor     Conj/Summ      0%         N/A       100%        7


Dungeon Overview and Level Annotations

Branches:
Dungeon (5/15)              Sewer (1/1)
 Temple: D:4-7

Altars:


Innate Abilities, Weirdness & Mutations

You have a pair of horns on your head.
You reflexively headbutt those who attack you in melee.


Message History

You hit the bullfrog.
The bullfrog hits you but does no damage.
The bullfrog closely misses you. The bullfrog hits you.
The bullfrog hits you but does no damage.
Your unstable footing causes you to fumble your attack.
The bullfrog hits you.
The bullfrog hits you but does no damage. x3
Your unstable footing causes you to fumble your attack.
The bullfrog snags a nearby moth with its tongue.
The bullfrog barely misses you.
The bullfrog hits you but does no damage.
The bullfrog hits you.
You hit the bullfrog.
You kill the bullfrog!
You hit the bullfrog. The bullfrog hits you.
Your Axes skill increases to level 3!
Your Armour skill increases to level 2!
You have reached level 5!
You barely miss the bullfrog. Your headbutt misses the bullfrog.
The bullfrog is moderately wounded.
The bullfrog barely misses you. You furiously retaliate!
You headbutt the bullfrog.
The bullfrog hits you but does no damage.
You barely miss the bullfrog. You headbutt the bullfrog.
The bullfrog is moderately wounded.
The bullfrog hits you but does no damage.
The bullfrog hits you!
* * * LOW HITPOINT WARNING * * *
You closely miss the bullfrog.
The bullfrog is moderately wounded.
The bullfrog hits you but does no damage.
You slash the bullfrog! You headbutt the bullfrog.
The bullfrog is severely wounded.
The bullfrog hits you but does no damage.
The bullfrog hits you.
* * * LOW HITPOINT WARNING * * *
Your unstable footing causes you to fumble your attack.
The bullfrog hits you.
* * * LOW HITPOINT WARNING * * *
The bullfrog hits you.
You die...

############################
≈≈.........................##
≈≈≈†≈≈≈≈≈≈≈≈≈≈≈≈≈≈≈≈≈≈≈≈≈≈..#
≈≈≈≈≈≈≈≈≈≈≈≈≈≈≈≈≈≈≈≈≈≈≈≈≈≈≈.#
≈≈≈≈≈≈≈≈≈≈≈≈≈≈≈≈≈≈≈≈≈≈≈≈≈≈≈.#
≈≈.........≈≈≈≈≈≈≈≈†≈..≈≈≈≈.#
#######≈≈≈≈≈≈≈≈≈≈≈≈≈≈≈≈.≈≈≈.#
# #≈≈≈≈≈≈≈≈≈≈≈≈≈≈≈≈≈≈.≈≈≈≈# #
#≈≈≈≈≈≈≈≈≈≈≈@≈≈≈≈≈≈≈≈≈≈≈# #
#≈≈≈≈≈≈≈≈≈.≈≈.F≈≈≈≈≈≈≈≈≈.# #
#≈≈≈≈≈≈≈.?≈...≈≈≈≈≈≈≈≈≈≈≈# #
#≈≈≈≈≈≈./().≈.≈≈≈≈≈≈≈≈≈≈.# #
≈≈≈≈.?.≈.≈.≈≈≈≈≈≈≈≈≈≈# #
≈≈...≈≈≈..≈≈≈≈≈≈≈≈≈≈# #
≈≈≈≈≈≈≈≈∩≈≈≈≈#≈≈≈≈≈# #
≈≈≈≈≈≈≈≈≈≈≈≈##≈≈≈††# #
≈≈≈≈≈≈≈≈####≈≈≈≈.#


You could see a bullfrog.

Vanquished Creatures
  A bullfrog (Sewer)
  A scorpion zombie (D:4)
  A hound skeleton (D:5)
  An adder (Sewer)
  A river rat (D:4)
  A worm (D:4)
  An endoplasm (D:4)
  5 giant cockroaches
  3 quokkas (Sewer)
  3 ball pythons (Sewer)
  5 frilled lizards (Sewer)
  A rat (D:4)
24 creatures vanquished.

Notes
Turn   | Place    | Note
-------+----------+-------------------------------------------
     0 | D:5      | cbfl8 the Minotaur Delver began the quest for the Orb.
     0 | D:5      | Reached XP level 1. HP: 19/19 MP: 0/0
    30 | D:5      | Reached XP level 2. HP: 12/27 MP: 1/1
   200 | D:5      | Noticed a sky beast
   343 | D:4      | Reached XP level 3. HP: 18/33 MP: 2/2
   674 | D:4      | Found a glowing drain.
   713 | Sewer    | Entered a sewer
   869 | Sewer    | Reached skill level 5 in Stealth
   928 | Sewer    | Reached XP level 4. HP: 34/40 MP: 3/3
   986 | Sewer    | Reached skill level 1 in Armour
   998 | Sewer    | Noticed a bullfrog
   998 | Sewer    | Noticed a bullfrog
  1011 | Sewer    | Killed a bullfrog
  1012 | Sewer    | Reached XP level 5. HP: 18/46 MP: 4/4
  1016 | Sewer    | Slain by a bullfrog

Illustrated notes

Levels and vault maps discovered:
D:4:      layout_layer_cave, portal_sewer_entry_a
D:5:      layout_loops_corners
Sewer:    sewer_frog_island_01

Skill      XL: |  1  2  3  4 |
---------------+-------------+-----
Fighting       | 4 |  4.3
Stealth        | 5 |  5.0
Armour         | 2 |  2.0
Axes           | 3 |  3.4
Dodging        | |  2.6

Action                   |  1- 3 |  4- 6 || total
-------------------------+-------+-------++-------
Melee: Hand axe          |    64 |    28 ||    92
       Headbutt          |    13 |     2 ||    15
  Use: Scroll            |     1 |       ||     1
Armor: Leather armour    |     3 |       ||     3
       Scale mail        |    21 |    19 ||    40
Dodge: Dodged            |    50 |    26 ||    76
